 Dungeon Crawl Stone Soup version 0.31-a0-836-g3ceb0a68c4 (webtiles) character file.

Game seed: 1886539385799313065

62574 Stil the Eclecticist (level 14, 0/68 HPs)
             Began as a Spriggan Venom Mage on Sept 25, 2023.
             Was the Champion of Jiyva.
             Slain by an anaconda zombie (6 damage)
             ... on level 1 of the Snake Pit on Sept 26, 2023.
             The game lasted 01:31:36 (14215 turns).

Stil the Eclecticist (Spriggan Venom Mage)         Turns: 14215, Time: 01:31:37

Health: 0/68       AC: 10    Str:  7    XL:     14   Next: 16%
Magic:  36/36      EV: 21    Int: 19    God:    Jiyva [******]
Gold:   1018       SH:  0    Dex: 19    Spells: 26/47 levels left

rFire   . . .        F - +8 demon trident "Rift" {distort, reach+}
rCold   + + +        (shield currently unavailable)
rNeg    . . .        D - +0 steam dragon scales
rPois   .            (helmet unavailable)
rElec   .            N - +0 cloak
rCorr   +            (gloves unavailable)
SInv    +            (boots unavailable)
Will    +++..        K - amulet of magic regeneration
Stlth   +++          A - ring of protection from cold
HPRegen 1.91/turn    R - ring of wizardry
MPRegen 1.15/turn

%: clarity, wizardry (x1)
@: constricted, very quick
A: very small, no large weapons, unfitting armour, see invisible, speed 3, horns
3, iridescent scales 2, agile 1, clarity, cold resistance 3, strong-willed 1,
strong 1, wild magic 1, MP-powered wands, engulf
}: 1/15 runes: slimy
a: Renounce Religion, Oozemancy, Slimify


You were on level 1 of the Snake Pit.
You worshipped Jiyva.
Jiyva was exalted by your worship.
You visited 5 branches of the dungeon, and saw 21 of its levels.

You collected 1018 gold pieces.


Innate Abilities, Weirdness & Mutations

You are very small and have problems with some larger weapons.
You are too small for most types of armour.
You have supernaturally acute eyesight. (SInv)
You cover ground extremely quickly. (Speed+++)
You have a pair of large horns on your head.
You are mostly covered in iridescent scales. (AC +4)
You are agile. (Dex +4, Str/Int -1)
You possess an exceptional clarity of mind.
Your flesh is almost immune to the effects of cold. (rC+++)
You are strong-willed. (Will+)
Your muscles are strong. (Str +4, Int/Dex -1)
Your spells are a little harder to cast, but a little more powerful.
You expend magic power (3 MP) to strengthen your wands.
Your melee attacks may engulf your foes in ooze.


   Skills:
 - Level 5.0 Fighting
 - Level 7.0 Polearms
 - Level 10.0 Dodging
 - Level 3.0 Stealth
 + Level 17.2 Spellcasting
 + Level 3.2 Conjurations
 + Level 3.9 Hexes
 - Level 3.0 Transmutations
 + Level 6.3 Air Magic
 - Level 13.3 Poison Magic


You had 26 spell levels left.
You knew the following spells:

 Your Spells              Type           Power      Damage    Failure   Level
a - Alistair's Intoxicat  Tmut/Pois      38%        N/A       2%          5
f - Fulminant Prism       Conj/Hex       19%        3d10      5%          4
m - Mephitic Cloud        Conj/Pois/Air  56%        N/A       1%          3
o - Olgreb's Toxic Radia  Pois           72%        N/A       1%          4
p - Poisonous Vapours     Pois/Air       100%       N/A       1%          2
z - Sting                 Tmut/Pois      100%       1d8       1%          1
X - Scorch                Fire           42%        2d6       3%          2

Your spell library contained the following spells:

 Spells                   Type           Power      Damage    Failure   Level
 Shock                    Conj/Air       100%       1d9       1%          1
 Ensorcelled Hibernation  Hex/Ice        60%        N/A       1%          2
 Jinxbite                 Hex            80%        N/A       1%          2
 Swiftness                Air            51%        N/A       1%          3
 Airstrike                Air            25%        2d(4-20)  1%          4
 Apportation              Tloc           42%        N/A       2%          1
 Necrotise                Necr           84%        1d8       2%          1
 Summon Small Mammal      Summ           84%        N/A       2%          1
 Passwall                 Tmut/Erth      23%        N/A       2%          2
 Summon Guardian Golem    Hex/Summ       30%        N/A       3%          3
 Summon Lightning Spire   Summ/Air       36%        N/A       6%          4
 Dimensional Bullseye     Hex/Tloc       15%        N/A       9%          4
 Leda's Liquefaction      Hex/Erth       15%        N/A       9%          4
 Flame Wave               Conj/Fire      29%        2d9       11%         4
 Summon Cactus Giant      Summ           10%        N/A       92%         6
 Orb of Destruction       Conj           18%        9d8       97%         7
 Spellforged Servitor     Conj/Summ      14%        N/A       99%         7
 Borgnjor's Revivificati  Necr           10%        N/A       100%        8

Inventory:

Hand Weapons
 F - the +8 demon trident "Rift" (weapon) {distort, reach+}
   (You found it on level 7 of the Dungeon)
Missiles
 c - 2 curare-tipped darts {=f}
 s - 18 boomerangs
 C - 33 poisoned darts
 H - 3 throwing nets {=f}
Armour
 w - a +0 buckler of protection
 D - +0 steam dragon scales (worn)
 N - a +0 cloak (worn)
Jewellery
 n - a ring of fire
 A - a ring of protection from cold (left hand)
 K - an amulet of magic regeneration (around neck)
 R - a ring of wizardry (right hand)
 U - a ring of magical power
 Y - a ring of willpower
Talismans
 i - a serpent talisman
 u - a serpent talisman
 I - a maw talisman
 Q - a serpent talisman
Wands
 e - a wand of digging (6)
 q - a wand of roots (13)
 x - a wand of flame (41)
 y - a wand of paralysis (16)
 E - a wand of acid (42)
Scrolls
 d - 4 scrolls of immolation
 g - 3 scrolls of fear
 j - 3 scrolls of poison
 k - 2 scrolls of revelation {unknown}
 p - 2 scrolls of blinking
 v - 3 scrolls of amnesia
 z - 5 scrolls of teleportation {@r2}
 G - a scroll of silence {!r}
 J - a scroll of noise {unknown}
 O - a scroll of vulnerability {unknown}
 P - a scroll of enchant weapon {unknown}
 T - a scroll of acquirement
 X - 3 scrolls of enchant armour {unknown}
Potions
 a - 3 potions of cancellation {unknown}
 b - a potion of magic
 f - 3 potions of haste {unknown}
 h - 2 potions of heal wounds {unknown}
 l - 2 potions of invisibility {unknown}
 m - 5 potions of brilliance {unknown}
 o - a potion of might {unknown}
 r - 6 potions of curing {@q1}
 t - 3 potions of mutation
 B - a potion of ambrosia {unknown}
 L - a potion of lignification {unknown}
 M - 2 potions of degeneration {unknown}
 S - a potion of attraction {unknown}

Dungeon Overview and Level Annotations

Branches:
Dungeon (9/15)             Temple (0/1) D:5            Lair (5/5) D:8
 Shoals (1/4) Lair:2        Snake (1/4) Lair:3        Slime (5/5) Lair:4
    Orc (0/2) D:9

Altars:
Dithmenos
Okawaru
Xom
Jiyva

Shops:
D:2 (   D:3 :   D:8 [   D:9 [?

Annotations:
D:9 1 runed translucent door, WhatIsLove's ghost, journeyman DjFE
Slime:3 Dissolution
Slime:5 Royal Jelly
Abyss:1 Amaemon

### #..#### +
#.....# .##
#....@#§..#
#....JZ...#
#.....§..#.#
...............
#####......##(#
#.......# #
#.......#
##.......
#........


You could see an anaconda zombie (engulfed, ally target) and a friendly
quicksilver ooze (summoned).


Message History

The shock serpent is heavily wounded.
The anaconda zombie grabs you. The anaconda zombie closely misses you.
The anaconda zombie constricts you.
Your quicksilver ooze hits the anaconda zombie!!
Your quicksilver ooze engulfs the anaconda zombie!
Your quicksilver ooze hits the anaconda zombie.
The shock serpent bites you. The shock serpent shocks you!
* * * LOW HITPOINT WARNING * * *
The anaconda zombie misses you. The anaconda zombie constricts you.
* * * LOW HITPOINT WARNING * * *
You escape the anaconda zombie's grasp.
Your quicksilver ooze hits the shock serpent!!
Your quicksilver ooze engulfs the shock serpent!
The shock serpent's electric aura discharges, shocking your quicksilver ooze!
Your quicksilver ooze completely misses the shock serpent.
The shock serpent shoots out a bolt of lightning at you!
The bolt of electricity hits your quicksilver ooze!!
The bolt of electricity hits you!
* * * LOW HITPOINT WARNING * * *
Reach: F) +8 demon trident "Rift" {distort, reach+}
Press: ? - help, Dir - move target, f - shock serpent
Aim: a shock serpent (translocational energy, almost dead, unaffected by silence, asphyxiating, very poisoned, ally target, about 40% to evade the +8 demon trident "Rift")
You puncture the shock serpent!
You kill the shock serpent!
The air sparks with electricity, shocking you!
* * * LOW HITPOINT WARNING * * *
Your toxic aura wanes.
Your quicksilver ooze hits the anaconda zombie! x2
The anaconda zombie grabs you. The anaconda zombie bites you.
You die...

Skill      XL: |  1  2  3  4  5  6  7  8  9 10 11 12 13 14 |
---------------+-------------------------------------------+-----
Spellcasting   | 3 4 5 6 8 9 11 12 13 15 17 | 17.2
Transmutations | 2 3 |  3.0
Poison Magic   | 4 5 7 8 9 11 12 13 | 13.3
Dodging        | 5 9 10 | 10.0
Air Magic      | 2 6 |  6.3
Polearms       | 3 5 6 7 |  7.0
Fighting       | 3 5 |  5.0
Conjurations   | 2 3 |  3.2
Hexes          | 3 |  3.9
Stealth        | |  3.0

Action                     |  1- 3 |  4- 6 |  7- 9 | 10-12 | 13-15 || total
---------------------------+-------+-------+-------+-------+-------++-------
  Melee: Dagger            |     5 |    30 |    44 |       |       ||    79
         Bite              |       |     4 |     1 |     9 |       ||    14
         Demon trident     |       |       |    22 |   241 |   225 ||   488
         Headbutt          |       |       |       |    16 |    20 ||    36
   Cast: Sting             |    68 |   115 |   108 |       |       ||   291
         Poisonous Vapours |       |    28 |    94 |    20 |     5 ||   147
         Olgreb's Toxic Ra |       |       |    18 |    64 |    49 ||   131
         Mephitic Cloud    |       |       |     1 |    32 |    32 ||    65
         Scorch            |       |       |       |     8 |     9 ||    17
         Alistair's Intoxi |       |       |       |       |     2 ||     2
  Evoke: Wand              |       |       |       |     2 |     2 ||     4
    Use: Scroll            |       |       |       |    10 |       ||    10
   Stab: Sleeping          |       |     1 |     1 |     9 |     1 ||    12
         Distracted        |       |       |       |     2 |     3 ||     5
         Confused          |       |       |       |     6 |    13 ||    19
 Armour: Robe              |     7 |    43 |    37 |       |       ||    87
         Steam dragon scal |       |       |    10 |    67 |    77 ||   154
  Dodge: Dodged            |    16 |    94 |    92 |   160 |   151 ||   513
  Block: Buckler           |       |       |    10 |       |       ||    10

Levels and vault maps discovered:
D:1:      dpeg_arrival_more_subterranean_lakeside_camping, layout_basic,
          basic_ecumenical_altar
D:2:      layout_loops_ring, serial_shops, shop
D:3:      layout_loops_cross, serial_shops, nicolae_shop_hallway_stairs
D:4:      layout_cave_pods, uniq_blork_the_orc, uniq_natasha
D:5:      layout_cave_pools, nicolae_dithmenos_shadow_blocks,
          minmay_temple_entry_water_ring
D:6:      layout_basic, grunt_ministairs_2
D:7:      layout_basic, minmay_fire_ice_demons, uniq_duvessa
D:8:      layout_loops_cross, mainiacjoe_overflow_six_doors_small,
          lair_entry_dummy, minmay_shop_grid_forest,
          nicolae_looking_at_the_future, uniq_erica, uniq_jeremiah
D:9:      layout_irregular_city, minmay_orc_entry_temple_small, serial_shops,
          shop, shop, hellmonk_ghost_big_iron, st_stairs_5,
          lightli_fourway_metalbox, uniq_harold
Lair:1:   layout_concentric_octagons, uniq_amaemon
Lair:2:   layout_big_grid, shoals_dummy_entry,
          hellmonk_guarded_unrand_seven_league_boots, grunt_megastairs_4
Lair:3:   layout_concentric_octagons, dummy_snake_entry, st_stairs_8,
          grunt_megastairs_3
Lair:4:   layout_gridlike, dpeg_slime_entry_enclosed, basic_altar
Lair:5:   minmay_lair_end_enchanted_forest, layout_long_grid
Shoals:1: layout_shoals, uniq_frances
Snake:1:  layout_honeycomb, ebering_ghost_gozag, nicolae_snake_dead_anacondas
Slime:1:  layout_caves, nicolae_slime_phagocytosis
Slime:2:  layout_caves
Slime:3:  nicolae_slime_spelunking, uniq_dissolution
Slime:4:  layout_caves
Slime:5:  slime_pit_nicolae_jellycorners

Notes
Turn   | Place    | Note
-------+----------+-------------------------------------------
     0 | D:1      | Stil the Spriggan Venom Mage began the quest for the Orb.
     0 | D:1      | Reached XP level 1. HP: 9/9 MP: 5/5
   165 | D:1      | Reached skill level 3 in Spellcasting
   165 | D:1      | Reached skill level 2 in Transmutations
   165 | D:1      | Reached XP level 2. HP: 13/13 MP: 2/7
   333 | D:1      | Found a faded altar of an unknown god.
   350 | D:1      | Prayed at the altar of an unknown god.
   350 | D:1      | Became a worshipper of Jiyva Japta the Shapeless
   350 | D:1      | Reached * piety under Jiyva
   942 | D:2      | Reached XP level 3. HP: 16/16 MP: 6/8
  1020 | D:2      | Reached ** piety under Jiyva
  1210 | D:2      | Reached skill level 3 in Transmutations
  1257 | D:2      | Reached XP level 4. HP: 21/21 MP: 7/10
  1267 | D:2      | Found Gubucoe's Weapon Boutique.
  1363 | D:2      | Reached skill level 4 in Spellcasting
  1487 | D:2      | Learned a level 2 spell: Poisonous Vapours
  1492 | D:2      | Learned a level 4 spell: Olgreb's Toxic Radiance
  1697 | D:2      | Reached *** piety under Jiyva
  1723 | D:3      | Found Ihim's Book Shoppe.
  1738 | D:3      | Gained mutation: You have acidic saliva. [Jiyva's grace]
  1738 | D:3      | Gained mutation: You possess an exceptional clarity of
                  | mind. [Jiyva's grace]
  1738 | D:3      | Gained mutation: You are covered in slimy tendrils that may
                  | disarm your opponents. [Jiyva's grace]
  1738 | D:3      | Gained mutation: Your muscles are strong. (Str +4, Int/Dex
                  | -1) [Jiyva's grace]
  1743 | D:3      | Reached skill level 4 in Poison Magic
  1911 | D:3      | Reached XP level 5. HP: 17/24 MP: 7/12
  2514 | D:4      | Noticed Blork the orc
  2537 | D:4      | Killed Blork the orc
  2538 | D:4      | Reached skill level 5 in Spellcasting
  2557 | D:4      | Noticed a black bear
  2574 | D:4      | Killed a black bear
  2575 | D:4      | Reached skill level 5 in Poison Magic
  2575 | D:4      | Reached XP level 6. HP: 23/28 MP: 6/15
  2668 | D:4      | Reached **** piety under Jiyva
  2689 | D:4      | Reached skill level 6 in Spellcasting
  2868 | D:4      | Killed Natasha
  2980 | D:4      | Noticed Natasha
  2988 | D:4      | Killed Natasha
  3026 | D:4      | Killed Natasha
  3257 | D:4      | Reached XP level 7. HP: 14/32 MP: 9/17
  3493 | D:5      | Entered Level 5 of the Dungeon
  3537 | D:5      | Reached skill level 6 in Poison Magic
  3624 | D:5      | Reached ***** piety under Jiyva
  3632 | D:5      | Found a staircase to the Ecumenical Temple.
  3657 | D:5      | Reached skill level 7 in Spellcasting
  3761 | D:5      | Found a shadowy altar of Dithmenos.
  4215 | D:6      | Reached skill level 8 in Spellcasting
  4230 | D:6      | Reached skill level 7 in Poison Magic
  4244 | D:6      | Lost mutation: You have acidic saliva. [Jiyva's grace]
  4244 | D:6      | Gained mutation: You are agile. (Dex +4, Str/Int -1)
                  | [Jiyva's grace]
  4244 | D:6      | Gained mutation: You are very agile. (Dex +8, Str/Int -2)
                  | [Jiyva's grace]
  4244 | D:6      | Gained mutation: Your melee attacks may engulf your foes in
                  | ooze. [Jiyva's grace]
  4244 | D:6      | Gained mutation: Your rubbery body absorbs attacks. (AC +1,
                  | EV +1) [Jiyva's grace]
  4344 | D:6      | Reached XP level 8. HP: 32/36 MP: 17/21
  4822 | D:6      | Reached skill level 3 in Dodging
  5107 | D:7      | Reached skill level 1 in Air Magic
  5120 | D:7      | Noticed a hornet
  5126 | D:7      | Killed a hornet
  5127 | D:7      | Reached skill level 4 in Dodging
  5182 | D:7      | Learned a level 3 spell: Mephitic Cloud
  5274 | D:7      | Reached skill level 2 in Air Magic
  5475 | D:7      | Reached skill level 9 in Spellcasting
  5544 | D:7      | Reached ****** piety under Jiyva
  5657 | D:7      | Reached skill level 5 in Dodging
  5674 | D:7      | Reached skill level 8 in Poison Magic
  5689 | D:7      | Reached XP level 9. HP: 39/39 MP: 18/23
  5946 | D:7      | Noticed Dowan
  5947 | D:7      | Noticed Duvessa
  5955 | D:7      | Killed Duvessa
  5956 | D:7      | Killed Dowan
  6018 | D:7      | Found the +8 demon trident "Rift" {distort, reach+}
  6103 | D:8      | Reached skill level 10 in Spellcasting
  6173 | D:8      | Noticed a queen bee
  6178 | D:8      | Reached skill level 1 in Polearms
  6179 | D:8      | Reached skill level 9 in Poison Magic
  6181 | D:8      | Killed a queen bee
  6182 | D:8      | Reached skill level 2 in Polearms
  6193 | D:8      | Noticed Jeremiah
  6208 | D:8      | Killed Jeremiah
  6209 | D:8      | Reached skill level 11 in Spellcasting
  6387 | D:8      | Found Zacs's Antique Armour Boutique.
  6446 | D:8      | Noticed Erica
  6450 | D:8      | Killed Erica
  6451 | D:8      | Reached skill level 3 in Polearms
  6451 | D:8      | Reached XP level 10. HP: 28/44 MP: 23/26
  6528 | D:8      | Reached skill level 10 in Poison Magic
  6550 | D:8      | Found an iron altar of Okawaru.
  6612 | D:8      | Found a staircase to the Lair.
  6737 | D:8      | Gained mutation: You are strong-willed. (Will+) [Jiyva's
                  | grace]
  6737 | D:8      | Gained mutation: You are highly strong-willed. (Will++)
                  | [Jiyva's grace]
  6737 | D:8      | Gained mutation: You are extremely strong-willed. (Will+++)
                  | [Jiyva's grace]
  6737 | D:8      | Gained mutation: You have acidic saliva. [Jiyva's grace]
  6859 | D:9      | Noticed an eight-headed hydra
  6891 | D:8      | Killed an eight-headed hydra
  6892 | D:8      | Reached skill level 4 in Polearms
  6892 | D:8      | Reached skill level 12 in Spellcasting
  7015 | D:9      | Noticed Harold
  7038 | D:9      | Killed Harold
  7053 | D:9      | Noticed a manticore
  7061 | D:9      | Killed a manticore
  7220 | D:9      | Found Qibod's Magic Scroll Boutique.
  7352 | D:9      | Found a staircase to the Orcish Mines.
  7355 | D:9      | Reached skill level 5 in Polearms
  7436 | D:9      | Reached skill level 11 in Poison Magic
  7436 | D:9      | Reached XP level 11. HP: 41/47 MP: 18/28
  7468 | D:9      | Found a runed translucent door.
  7469 | D:9      | Noticed WhatIsLove's ghost (journeyman DjFE)
  7541 | D:9      | Found Nocewyj's Antique Armour Boutique.
  7752 | Lair:1   | Entered Level 1 of the Lair of Beasts
  7825 | Lair:1   | Noticed Amaemon
  7837 | Lair:1   | Banished Amaemon
  7838 | Lair:1   | Reached skill level 13 in Spellcasting
  7843 | Lair:1   | Reached skill level 1 in Fighting
  7898 | Lair:1   | Reached skill level 1 in Conjurations
  8075 | Lair:1   | Noticed a seven-headed hydra
  8085 | Lair:1   | Learned a level 2 spell: Scorch
  8679 | Lair:2   | Noticed a seven-headed hydra
  8720 | Lair:2   | Noticed a skyshark
  8727 | Lair:2   | Killed a skyshark
  8732 | Lair:2   | Reached skill level 2 in Fighting
  8735 | Lair:2   | Reached skill level 2 in Conjurations
  8756 | Lair:2   | Killed a seven-headed hydra
  8771 | Lair:2   | Lost mutation: You are extremely strong-willed. (Will+++)
                  | [Jiyva's grace]
  8771 | Lair:2   | Lost mutation: Your rubbery body absorbs attacks. (AC +1,
                  | EV +1) [Jiyva's grace]
  8771 | Lair:2   | Gained mutation: You have a pair of small horns on your
                  | head. [Jiyva's grace]
  8771 | Lair:2   | Gained mutation: You have a pair of horns on your head.
                  | [Jiyva's grace]
  8771 | Lair:2   | Gained mutation: You have a pair of large horns on your
                  | head. [Jiyva's grace]
  8771 | Lair:2   | Gained mutation: Your translucent skin slightly reduces
                  | your foes' accuracy. (Stealth+) [Jiyva's grace]
  8789 | Lair:2   | Reached skill level 6 in Polearms
  8872 | Lair:2   | Noticed a skyshark
  8879 | Lair:2   | Reached skill level 3 in Fighting
  8879 | Lair:2   | Banished a skyshark
  8900 | Lair:2   | Noticed an eight-headed hydra
  8940 | Lair:2   | Killed an eight-headed hydra
  8965 | Lair:2   | Reached skill level 12 in Poison Magic
  8965 | Lair:2   | Reached XP level 12. HP: 56/56 MP: 30/30
  8980 | Lair:2   | Reached skill level 14 in Spellcasting
  9089 | Lair:2   | Found a staircase to the Shoals.
  9114 | Lair:2   | Reached skill level 4 in Fighting
  9164 | Lair:2   | Noticed a boulder beetle
  9187 | Lair:2   | Killed a boulder beetle
  9220 | Lair:2   | Found the +3 pair of seven-league boots {Rampage+∞}
  9522 | Lair:3   | Reached skill level 7 in Polearms
  9541 | Lair:3   | Found a staircase to the Snake Pit.
  9854 | Lair:3   | Lost mutation: You have a pair of large horns on your head.
                  | [Jiyva's grace]
  9854 | Lair:3   | Lost mutation: You are very agile. (Dex +8, Str/Int -2)
                  | [Jiyva's grace]
  9854 | Lair:3   | Lost mutation: You are highly strong-willed. (Will++)
                  | [Jiyva's grace]
  9854 | Lair:3   | Gained mutation: Your flesh is cold resistant. (rC+)
                  | [Jiyva's grace]
  9854 | Lair:3   | Gained mutation: Your flesh is very cold resistant. (rC++)
                  | [Jiyva's grace]
  9854 | Lair:3   | Gained mutation: Your flesh is almost immune to the effects
                  | of cold. (rC+++) [Jiyva's grace]
  9854 | Lair:3   | Gained mutation: Your spells are a little harder to cast,
                  | but a little more powerful. [Jiyva's grace]
 10421 | Lair:4   | Reached skill level 5 in Fighting
 10558 | Lair:4   | Noticed a boulder beetle
 10567 | Lair:4   | Killed a boulder beetle
 10568 | Lair:4   | Reached skill level 15 in Spellcasting
 10633 | Lair:4   | Reached skill level 13 in Poison Magic
 10831 | Lair:4   | Found a staircase to the Slime Pits.
 10908 | Lair:4   | Found a shimmering altar of Xom.
 11073 | Slime:1  | Entered Level 1 of the Pits of Slime
 11091 | Slime:1  | Noticed an acid blob
 11124 | Slime:1  | Noticed an acid blob
 11166 | Slime:1  | Noticed a rockslime
 11172 | Slime:1  | Noticed a great orb of eyes
 11174 | Slime:1  | Noticed a rockslime
 11181 | Slime:1  | Noticed an azure jelly
 11219 | Slime:1  | Noticed a rockslime
 11269 | Slime:1  | Noticed an acid blob
 11275 | Slime:1  | Noticed an acid blob
 11386 | Slime:1  | Noticed a quicksilver ooze
 11425 | Slime:3  | Noticed an azure jelly
 11452 | Slime:3  | Noticed a rockslime
 11481 | Slime:3  | Noticed a great orb of eyes
 11486 | Slime:3  | Noticed an acid blob
 11495 | Slime:3  | Noticed an azure jelly
 11513 | Slime:4  | Noticed an acid blob
 11514 | Slime:4  | Noticed an acid blob
 11517 | Slime:5  | Entered Level 5 of the Pits of Slime
 11534 | Slime:5  | Got a moth-eaten book
 11536 | Slime:5  | Got a fusty book
 11589 | Slime:5  | Found a viscous altar of Jiyva.
 11600 | Slime:5  | Identified the +8 short sword of Kazi {flame, +Blink Str+4}
 11612 | Slime:5  | Got a slimy rune of Zot
 11618 | Slime:5  | Noticed an acid blob
 11622 | Slime:5  | Noticed a quicksilver ooze
 11636 | Slime:5  | Noticed the Royal Jelly
 11646 | Slime:5  | Noticed an azure jelly
 11684 | Slime:5  | Noticed a quicksilver ooze
 11738 | Slime:5  | Noticed a quicksilver ooze
 11786 | Slime:5  | Noticed an acid blob
 11983 | Slime:4  | Noticed an acid blob
 12025 | Slime:3  | Noticed Dissolution
 12044 | Slime:2  | Noticed an acid blob
 12044 | Slime:2  | Noticed a rockslime
 12045 | Slime:2  | Noticed a formless jellyfish
 12047 | Slime:2  | Noticed an acid blob
 12105 | Lair:5   | Entered Level 5 of the Lair of Beasts
 12122 | Lair:5   | Identified a scroll of acquirement
 12290 | Lair:5   | Lost mutation: You have acidic saliva. [Jiyva's grace]
 12290 | Lair:5   | Lost mutation: Your translucent skin slightly reduces your
                  | foes' accuracy. (Stealth+) [Jiyva's grace]
 12290 | Lair:5   | Lost mutation: You are covered in slimy tendrils that may
                  | disarm your opponents. [Jiyva's grace]
 12290 | Lair:5   | Gained mutation: You expend magic power (3 MP) to
                  | strengthen your wands. [Jiyva's grace]
 12290 | Lair:5   | Gained mutation: You have a pair of large horns on your
                  | head. [Jiyva's grace]
 12290 | Lair:5   | Gained mutation: You are partially covered in iridescent
                  | scales. (AC +2) [Jiyva's grace]
 12290 | Lair:5   | Gained mutation: You are mostly covered in iridescent
                  | scales. (AC +4) [Jiyva's grace]
 12291 | Lair:5   | Upgraded the game from 0.31-a0-833-gc15d34cb79 to
                  | 0.31-a0-836-g3ceb0a68c4
 12409 | Lair:5   | Reached XP level 13. HP: 63/63 MP: 33/33
 12467 | Lair:5   | Reached skill level 6 in Dodging
 12479 | Lair:5   | Reached skill level 3 in Air Magic
 12515 | Lair:5   | Reached skill level 16 in Spellcasting
 12563 | Lair:5   | Reached skill level 7 in Dodging
 12594 | Lair:5   | Reached skill level 4 in Air Magic
 12885 | Lair:5   | Reached skill level 8 in Dodging
 12961 | Lair:5   | Reached skill level 5 in Air Magic
 13306 | Shoals:1 | Entered Level 1 of the Shoals
 13397 | Shoals:1 | Learned a level 5 spell: Alistair's Intoxication
 13402 | Shoals:1 | Learned a level 4 spell: Fulminant Prism
 13413 | Shoals:1 | Reached skill level 9 in Dodging
 13418 | Shoals:1 | Reached skill level 1 in Hexes
 13473 | Shoals:1 | Noticed Frances
 13495 | Shoals:1 | Reached skill level 2 in Hexes
 13511 | Shoals:1 | Killed Frances
 13621 | Shoals:1 | Reached skill level 17 in Spellcasting
 13674 | Shoals:1 | Reached skill level 6 in Air Magic
 13677 | Shoals:1 | Reached skill level 3 in Hexes
 13677 | Shoals:1 | Reached XP level 14. HP: 50/68 MP: 34/36
 13773 | Shoals:1 | Reached skill level 3 in Conjurations
 13882 | Shoals:1 | Reached skill level 10 in Dodging
 14209 | Snake:1  | Entered Level 1 of the Snake Pit
 14215 | Snake:1  | HP: 4/68 [something (8)]
 14215 | Snake:1  | Slain by an anaconda zombie

Vanquished Creatures
  Frances (Shoals:1)
  Harold (D:9)
  3 hydras
  Erica (D:8)
  A merfolk aquamancer (Shoals:1)
  A merfolk avatar (Shoals:1)
  A boulder beetle (Lair:4)
  A shock serpent (Snake:1)
  A skyshark (Lair:5)
  6 harpies (Shoals:1)
  3 fauns (Shoals:1)
  A manticore (D:9)
  2 merfolk sirens (Shoals:1)
  6 black mambas
  2 torpor snails
  An orange demon (Lair:1)
  8 cane toads
  A rime drake (Lair:4)
  5 komodo dragons
  A merfolk (Shoals:1)
  A queen bee (D:8)
  3 polar bears
  3 wind drakes (Shoals:1)
  4 hornets
  6 blink frogs
  A snapping turtle (Shoals:1)
  12 dream sheep
  9 spriggans (Lair:5)
  A wyvern (D:8)
  29 yaks
  2 basilisks
  2 water elementals (Shoals:1)
  12 water moccasins
  Duvessa (D:7)
  4 black bears
  2 sky beasts
  8 orc warriors
  2 centaurs
  4 boggarts (Lair:5)
  22 wolves
  5 kobold brigands
  Blork the orc (D:4)
  11 bullfrogs
  A gnoll sergeant (D:8)
  3 scorpions
  Dowan (D:7)
  22 killer bees
  3 howler monkeys
  A crimson imp (D:7)
  3 hounds
  5 orc priests
  2 iguanas
  14 orc wizards
  Natasha (D:4)
  8 gnolls
  10 adders
  2 white imps (D:7)
  An ufetubus (D:4)
  5 worms
  4 dart slugs
  41 orcs
  2 giant cockroaches (D:1)
  7 goblins
  9 hobgoblins
  11 jackals
  17 kobolds
  4 quokkas
  7 ball pythons
  2 bats
  3 frilled lizards (D:2)
  8 rats
389 creatures vanquished.

Vanquished Creatures (collateral kills)
  2 hydras
  A centaur warrior (Shoals:1)
  A boulder beetle (Lair:2)
  A skyshark (Lair:2)
  A manticore (Shoals:1)
  2 fauns (Shoals:1)
  A black mamba (Lair:2)
  A merfolk siren (Shoals:1)
  A guardian serpent (Lair:2)
  A cane toad (Lair:5)
  A water nymph (Shoals:1)
  2 komodo dragons (Lair:2)
  Jeremiah (D:8)
  A hornet (Lair:5)
  A blink frog (Lair:2)
  2 spriggans (Lair:5)
  2 water elementals (Shoals:1)
  2 yaks (Lair:2)
  A steam dragon (D:7)
  A water moccasin (Lair:2)
  An ice beast (D:5)
  An orc priest (D:6)
  A sleepcap (D:6)
  4 orcs
33 creatures vanquished.

Vanquished Creatures (others)
  A kobold brigand (D:9)
  A scorpion (D:7)
  A hound (D:7)
  22 jellies
  An iguana (D:7)
  Natasha (twice) (D:4)
  A gnoll (D:8)
  2 adders
  A white imp (D:7)
  3 orcs
  An endoplasm (D:4)
  A giant cockroach (D:2)
  2 jackals (D:2)
  A bat (D:3)
  12 kobolds
52 creatures vanquished.

Grand Total: 474 creatures vanquished

Table legend: (Time is in decaauts)
 A = Elapsed time spent in this place.
 B = Non-inter-level travel time spent in this place.
 C = Inter-level travel time spent in this place.
 D = Time resting spent in this place.
 E = Time spent auto-exploring this place.
 F = Levels seen in this place.
 G = Mean time per level.
                   A        B        C        D        E       F      G
               +--------+--------+--------+--------+--------+-----+--------+
         Total |   9674 |   9072 |    602 |     27 |   6726 |  21 |  460.7 |
       Dungeon |   5335 |   5094 |    241 |     19 |   3809 |   9 |  592.8 |
          Lair |   3040 |   2830 |    210 |      0 |   2043 |   5 |  608.0 |
        Shoals |    665 |    626 |     39 |      8 |    391 |   1 |  665.0 |
     Snake Pit |      5 |      5 |      0 |      0 |      0 |   1 |    5.0 |
    Slime Pits |    627 |    517 |    110 |      0 |    482 |   5 |  125.4 |
               +--------+--------+--------+--------+--------+-----+--------+

Top non-repeatable levels by time:
  Lair:5: 791 daAuts
     D:7: 745 daAuts
     D:4: 680 daAuts
Shoals:1: 665 daAuts
     D:1: 634 daAuts
  Lair:3: 610 daAuts
  Lair:2: 600 daAuts
     D:8: 597 daAuts
  Lair:1: 590 daAuts
     D:9: 573 daAuts
     D:6: 565 daAuts
     D:2: 551 daAuts
     D:3: 525 daAuts
     D:5: 461 daAuts
  Lair:4: 446 daAuts

Table legend:
 A = Non-vault XP
 B = Vault XP
 C = Vault XP percentage of total XP
 D = Non-vault monster count
 E = Vault monster count
 F = Vault count percentage of total count
                 A         B        C        D         E       F
            +---------+---------+-------+---------+---------+-------
      Total |   49606 |   22005 |  30.7 |     334 |     102 |  23.4
            +---------+---------+-------+---------+---------+-------
        D:1 |      30 |       0 |   0.0 |      16 |       0 |   0.0
        D:2 |     102 |       0 |   0.0 |      24 |       0 |   0.0
        D:3 |      86 |       0 |   0.0 |      27 |       0 |   0.0
        D:4 |     498 |      99 |  16.6 |      19 |       1 |   5.0
        D:5 |     513 |       0 |   0.0 |      19 |       0 |   0.0
        D:6 |     221 |      85 |  27.8 |      11 |       1 |   8.3
        D:7 |    1237 |     268 |  17.8 |      29 |       3 |   9.4
        D:8 |    1468 |    3299 |  69.2 |      35 |      16 |  31.4
        D:9 |    2814 |    1519 |  35.1 |      31 |      14 |  31.1
     Lair:1 |     946 |    1206 |  56.0 |       5 |       2 |  28.6
     Lair:2 |    8752 |    4911 |  35.9 |      29 |      15 |  34.1
     Lair:3 |    2199 |     451 |  17.0 |       5 |       4 |  44.4
     Lair:4 |    5627 |       0 |   0.0 |      19 |       0 |   0.0
     Lair:5 |    9900 |    8645 |  46.6 |      33 |      45 |  57.7
   Shoals:1 |   14262 |    1522 |   9.6 |      30 |       1 |   3.2
    Snake:1 |     951 |       0 |   0.0 |       2 |       0 |   0.0
            +---------+---------+-------+---------+---------+-------
